Croesus, chaotic female elven Ranger ---- |..| ---..| ----- ---..| |.../| ---- |...| |...- |.|.-- ---- --------- |..|--...-- |.|.| |.|.| |..| ...|.--.--.---- --..--.....| |.|.| |.|.| --..-- -..........)....---- --.........-- |.|.| |.|.| |....---- --..................- |......--...| ---...--- ... |.|.| --......---|.................... |....--- -.-- |.......|-...-|%|.| ---.......--........^....u..... |..).| -- --.......|.....|%|.| -------.............-----. -.@. ---../.-- |...............)|.--|..| --.........|.-- ... |.......| --.................^--..-- .... --- ---......-| ---............%........| .... |.........| |.|.....%......).(..[-- ...- |.--......- |.|.........|........| ..- |.|-........ |....|...--.|.|...---- ....| |.|....---..| --..-------|...|--.-- ....(--- |.|....| --- |...| --..| |...--#.....|..-- ---.|-..-- |..-- |..| ---....>..----..---------------------...| .. |..| ---- |.............)..).).................-- ---- -----#-------------------------------- Croesus the Trailblazer Experience level: 9 Strength: 17 Dexterity: 11 Constitution: 16 Intelligence: 13 Wisdom: 14 Charisma: 8 Health: 40(64) Energy: 68(68) Def: 13 Gold: 43 Moves: 18366 Dungeon seed: 3Kmv7jhPtgRr5ZJ_ Game ID: Croesus_1563352434 Your Inventory: Weapons d - an uncursed +1 elven dagger (alternate weapon; not wielded) e - an uncursed +1 elven bow f - an uncursed +0 dwarvish short sword (weapon in hand) s - 4 uncursed +0 arrows K - an uncursed +0 knife Z - 24 uncursed +0 darts (in quiver) Armor g - an uncursed +0 pair of leather gloves (being worn) i - an uncursed +3 pair of iron shoes (being worn) n - a blessed +1 small shield (being worn) C - an uncursed +2 elven cloak (being worn) N - an uncursed +0 dwarvish iron helm (being worn) Comestibles l - 3 uncursed tripe rations L - an uncursed male lizard corpse Rings A - an uncursed ring of slow digestion (on left hand) Wands a - an uncursed wand of speed monster (0:4) p - an uncursed wand of slow monster (0:6) t - an uncursed wand of teleportation (0:1) v - an uncursed wand of magic missile (0:1) P - an uncursed wand of magic missile (0:0) Q - an uncursed wand of speed monster (0:4) R - an uncursed wand of striking (0:2) U - an uncursed wand of teleportation (0:6) W - an uncursed wand of slow monster (0:8) X - an uncursed wand of sleep (0:1) Y - an uncursed wand of teleportation (0:1) Tools b - an uncursed bag of holding k - an uncursed skeleton key w - an uncursed magic whistle I - an uncursed wax candle (0:400) J - an uncursed mirror T - an uncursed towel Gems q - an uncursed touchstone Coins $ - 43 gold pieces Contents of the bag of holding: 2 uncursed +0 elven daggers an uncursed +0 spear a cursed +0 spear an uncursed +0 mummy wrapping an uncursed C-ration an uncursed K-ration an uncursed candy bar 3 uncursed cram rations an uncursed egg 2 uncursed female lizard corpses 9 uncursed food rations 3 uncursed lembas wafers 2 uncursed lichen corpses 2 uncursed mangos an uncursed pancake an uncursed scroll of amnesia a blessed scroll of blank paper 5 uncursed scrolls of blank paper a blessed scroll of confuse monster an uncursed scroll of earth a cursed scroll of earth 2 uncursed scrolls of enchant armor an uncursed scroll of magic mapping an uncursed scroll of scare monster an uncursed scroll of taming 3 uncursed scrolls of teleportation 2 uncursed potions of blindness a cursed potion of confusion a cursed potion of gain energy a cursed potion of gain level 2 uncursed potions of healing an uncursed potion of invisibility an uncursed potion of object detection an uncursed potion of oil an uncursed potion of speed 2 uncursed potions of water an uncursed ring of cold immunity an uncursed ring of fire immunity an uncursed +3 ring of increase accuracy an uncursed ring of protection from shape changers an uncursed ring of shock immunity an uncursed ring of sustain ability an uncursed wand of secret door detection (0:11) an uncursed blindfold an uncursed leather drum an uncursed lock pick an uncursed +0 pick-axe an uncursed sack a blessed tallow candle (0:200) a blessed wax candle (0:400) an uncursed fluorite stone 4 uncursed jade stones an uncursed jasper stone an uncursed topaz stone 3 uncursed worthless pieces of black glass 4 uncursed worthless pieces of blue glass an uncursed worthless piece of green glass 5 uncursed worthless pieces of orange glass an uncursed worthless piece of red glass 6 uncursed worthless pieces of violet glass 4 uncursed worthless pieces of white glass 2 uncursed worthless pieces of yellow glass 6 uncursed worthless pieces of yellowish brown glass 493 gold pieces Spells and supernatural/magical abilities: Name Level Category Cost Memory W - pray for help -- divine ? -- Your skills at the end: Fighting Skills wands [Basic] Weapon Skills dagger [Skilled] short sword [Basic] bow [Expert] Spellcasting Skills Final Attributes: You were piously aligned. You were fire resistant. You were cold resistant. You were immune to sleep. You were poison resistant. You saw invisible. You were telepathic. You had automatic searching. You had infravision. You were stealthy. You had slower digestion. You were protected. You were unlucky. You angered your god 37 turns ago. Mars was slightly angry at you. You are dead. Vanquished creatures: a white dragon 2 giant mimics an umber hulk a stalker 4 small mimics a xan an ettin mummy 5 trolls a flaming sphere 4 tigers an ochre jelly 2 stone giants an elf mummy a wraith a leather golem 3 soldiers a chameleon a crocodile 2 giant beetles a cockatrice a wolf 4 winter wolf cubs 42 leprechauns an iron piercer a giant spider a scorpion an ice vortex 2 vampire bats 3 forest centaurs 3 gnome kings an orc mummy 2 brown puddings a rust monster an owlbear a yeti a gold golem a piranha 3 lizards a chickatrice 2 dogs a dingo 3 jaguars a dwarf lord 2 blue jellies a white unicorn a dust vortex a raven 2 plains centaurs 4 apes a rope golem 4 soldier ants a fire ant an imp 2 wood nymphs a mountain nymph 6 Mordor orcs an orc shaman 3 rock piercers 2 rock moles a fog cloud 3 yellow lights 2 violet fungi 11 gnome lords 3 gnomish wizards 2 kobold mummies 3 red naga hatchlings 2 black naga hatchlings 5 golden naga hatchlings 2 guardian naga hatchlings 2 gray oozes 2 barrow wights a paper golem 2 baby crocodiles 9 giant ants 5 floating eyes 2 kittens 13 dwarves 3 kobold lords 14 hill orcs 7 rothes 2 rabid rats 6 centipedes 5 giant bats 6 monkeys 5 orc zombies 13 dwarf zombies a wererat 3 werejackals 8 iguanas a killer bee 4 acid blobs a coyote 4 gas spores 5 hobbits 8 manes a hobgoblin 3 giant rats 8 cave spiders 5 yellow molds 4 green molds 5 red molds 49 gnomes 2 garter snakes 6 gnome zombies 12 geckos 19 jackals 7 foxes 4 kobolds a goblin 10 sewer rats 10 grid bugs 10 bats 7 lichens a kobold zombie 19 newts 495 creatures vanquished. Voluntary challenges: You had been an atheist until turn 8707. You used a wielded weapon 401 times, starting on turn 219. You read items or engraved 24 times, starting on turn 5830. You never genocided any monsters. You polymorphed 1 item, starting on turn 13548. You never changed form. You used no wishes. You never split a pudding. You wrote Elbereth's name 16 times, starting on turn 6249. You never violated your personal moral code. Dungeon overview: The Dungeons of Doom: levels 1 to 13 Level 1 a long staircase Level 2 a jewelry store, a vault Level 3 a fountain, a vault Level 4 a wand shop, a fountain, a sink stairs to The Gnomish Mines Level 5 many fountains Level 6 a fountain, a vault stairs to Sokoban Level 7 Level 8 a fountain Level 9 a fountain Level 10 some fountains, a vault Level 11 an altar to Mars, a fountain, a vault Level 12 portal to The Quest Level 13 The Gnomish Mines: levels 5 to 10 Level 5 stairs to The Dungeons of Doom Level 6 Level 7 some shops, a temple to Mercury, some fountains, a sink Level 8 Level 9 Level 10 <- You were here The Quest: Level 1 many trees portal to The Dungeons of Doom Sokoban: levels 2 to 5 Level 2 Solved Level 3 Solved Level 4 Solved Level 5 Solved stairs to The Dungeons of Doom History has recorded: On T:1 you entered the Dungeons of Doom to retrieve the Amulet of Yendor! On T:66 you reached level 2 of The Dungeons of Doom. On T:1147 you reached level 3 of The Dungeons of Doom. On T:1583 you reached level 4 of The Dungeons of Doom. On T:1736 you reached level 1 of The Gnomish Mines. On T:1940 you reached level 5 of The Dungeons of Doom. On T:1981 you advanced to experience level 2. On T:1991 you reached level 6 of The Dungeons of Doom. On T:2078 you advanced to experience level 3. On T:2294 you reached level 4 of Sokoban. On T:2365 you advanced to experience level 4. On T:2683 you reached level 3 of Sokoban. On T:3208 you advanced to experience level 5. On T:3748 you reached level 2 of Sokoban. On T:4278 you reached level 1 of Sokoban. On T:4327 you advanced to experience level 6. On T:6643 you reached level 7 of The Dungeons of Doom. On T:6757 you reached level 8 of The Dungeons of Doom. On T:7086 you advanced to experience level 7. On T:8065 you reached level 2 of The Gnomish Mines. On T:8602 you reached level 3 of The Gnomish Mines. On T:9009 you reached level 4 of The Gnomish Mines. On T:10132 you advanced to experience level 8. On T:11923 you advanced to experience level 9. On T:12316 you reached level 9 of The Dungeons of Doom. On T:12350 you reached level 10 of The Dungeons of Doom. On T:13307 you reached level 11 of The Dungeons of Doom. On T:14394 you reached level 12 of The Dungeons of Doom. On T:14579 you reached level 1 of The Quest. On T:14890 you reached level 13 of The Dungeons of Doom. On T:16810 you reached level 5 of The Gnomish Mines. On T:17116 you reached level 6 of The Gnomish Mines. Score breakdown: Gold: 536 ( 9286 points) Experience: 9 levels (15756 points) Exploration: 13 levels ( 27.08%) (15158 points) Discoveries: 36 items ( 12.20%) (10480 points) Valuables value: (no points given unless you survive) Artifact value: 0 ( 0 points) Variety of kills: 115 monsters ( 30.26%) (16503 points) Turncount: 18366 turns (-3276 points) Survival: died (score multiplied by 80%) Total score: 51125 Latest messages: Your zombification disease turns terminal! [2 turns] You begin praying to Mars. You hear some noises nearby. You feel that Mars is displeased. [4 turns] Where do you want to travel to? You hear some noises in the distance. The golden haze around the gnomish wizard becomes less dense. You hear some noises in the distance. (2x) You fall down the stairs. You stop searching. [3 turns] You hear some noises nearby. You stop searching. [3 turns] You write in the dust with your fingers. You hear some noises nearby. You add to the writing in the dust with your fingers. (2x) You hear some noises nearby. The fire ant turns to flee! The kitten is killed! [2 turns] You turn into a zombie... Final status: Goodbye Croesus the Ranger, zombified by a human zombie called "Vega"... You turned into a zombie in The Gnomish Mines on dungeon level 10 with 51125 points, and 536 pieces of gold, after 18366 moves. You were level 9 with a maximum of 64 hit points when you turned into a zombie.